 Dungeon Crawl Stone Soup version 0.29.1-1-gd02db6906a (webtiles) character file.

Game seed: 533228982781563865

2765 LustLizard the Carver (level 9, -4/79 HPs)
             Began as a Hill Orc Gladiator on Oct 18, 2022.
             Slain by a yak (12 damage)
             ... on level 7 of the Dungeon.
             The game lasted 00:15:52 (9478 turns).

LustLizard the Carver (Hill Orc Gladiator)          Turns: 9478, Time: 00:15:53

Health: -4/79      AC: 12    Str: 23    XL:     9   Next: 69%
Magic:  9/9        EV: 11    Int:  8    God:
Gold:   128        SH:  3    Dex: 16    Spells: 8/8 levels left

rFire   . . .      SeeInvis .   a - +1 long sword
rCold   . . .      Faith    .   p - +0 buckler
rNeg    . . .      Spirit   .   n - +2 ring mail of the Fletcher {rElec}
rPois   +          Reflect  .   c - +0 helmet
rElec   +          Harm     .   h - +0 cloak
rCorr   .          Rampage  .   (no gloves)
Will    .....                   r - +2 pair of boots
Stlth   +.........              (no amulet)
HPRegen 0.23/turn               E - +6 ring of strength
MPRegen 0.11/turn               A - ring of poison resistance

@: no status effects
A: no striking features
a: no special abilities


You were on level 7 of the Dungeon.
You visited 2 branches of the dungeon, and saw 8 of its levels.

You collected 337 gold pieces.
You spent 209 gold pieces at shops.

Inventory:

Hand Weapons
 a - a +1 long sword (weapon)
Missiles
 d - 3 throwing nets
 e - 7 javelins
 f - 23 stones
 w - 4 poisoned darts
 G - 3 boomerangs (quivered)
Armour
 b - a +0 leather armour
 c - a +0 helmet (worn)
 h - a +0 cloak (worn)
 j - a +0 ring mail
 n - the +2 ring mail of the Fletcher (worn) {rElec}
   (You found it on level 2 of the Dungeon)

   rElec:     It insulates you from electricity.
 p - a +0 buckler (worn)
 r - a +2 pair of boots (worn)
Jewellery
 A - a ring of poison resistance (right hand)
 E - a +6 ring of strength (left hand)
Wands
 B - a wand of mindburst (1)
 F - a wand of flame (31)
 M - a wand of polymorph (8)
Scrolls
 k - 3 scrolls of amnesia
 l - 2 scrolls of blinking
 q - a scroll of vulnerability {unknown}
 v - 2 scrolls of poison {unknown}
 x - 4 scrolls of teleportation
 y - 2 scrolls of enchant weapon
 z - a scroll of summoning {unknown}
 C - 3 scrolls of fear {unknown}
 H - 2 scrolls of magic mapping {unknown}
 J - a scroll of immolation {unknown}
 N - a scroll of enchant armour {unknown}
Potions
 i - 4 potions of brilliance
 m - a potion of haste
 o - a potion of berserk rage {unknown}
 s - 2 potions of resistance
 t - 3 potions of mutation
 u - 2 potions of attraction
 D - a potion of degeneration {unknown}
 I - a potion of heal wounds {unknown}
 K - a potion of lignification {unknown}
 L - 2 potions of cancellation


   Skills:
 + Level 7.6 Fighting
 * Level 10.0 Long Blades
 - Level 5.0 Throwing
 - Level 2.4 Dodging
 + Level 5.5 Evocations


You had 8 spell levels left.
You didn't know any spells.
Your spell library contained the following spells:

 Spells                   Type           Power      Damage    Failure   Level
 Scorch                   Fire           0%         2d5       82%         2
 Anguish                  Hex/Necr       0%         N/A       100%        4
 Flame Wave               Conj/Fire      0%         2d4       100%        4
 Summon Cactus Giant      Summ           0%         N/A       100%        6
 Enfeeble                 Hex            0%         N/A       100%        7


Dungeon Overview and Level Annotations

Branches:
Dungeon (7/15)             Temple (1/1) D:4

Altars:
Ashenzari
Cheibriados
Dithmenos
Elyvilon
Fedhas
Gozag
Hepliaklqana
Kikubaaqudgha
Makhleb
Nemelex Xobeh
Qazlal
Sif Muna
Trog
Uskayaw
Vehumet
Wu Jian
Yredelemnul
Zin
The Shining One

Shops:
D:6 *


Message History

The yak gores you but does no damage.
You hit the yak.
The yak is lightly wounded.
You block the yak's attack.
You slash the yak!
The yak is heavily wounded.
The yak gores you!
* * * LOW HITPOINT WARNING * * *
You barely miss the yak.
The yak is heavily wounded.
The yak gores you but does no damage.
You slash the yak!
The yak is severely wounded.
The yak gores you.
* * * LOW HITPOINT WARNING * * *
You feel better. The yak barely misses you.
You slash the yak!
You kill the yak!
Your Long Blades skill increases to level 10!
You barely miss the yak.
The yak is severely wounded.
The yak gores you!
* * * LOW HITPOINT WARNING * * *
You closely miss the yak.
The yak is severely wounded.
The yak barely misses you.
You slash the yak!
The yak is almost dead.
The yak gores you.
* * * LOW HITPOINT WARNING * * *
You feel better. The yak gores you!
* * * LOW HITPOINT WARNING * * *
You hit the yak.
The yak is almost dead.
The yak gores you.
* * * LOW HITPOINT WARNING * * *
You barely miss the yak.
The yak is almost dead.
The yak gores you!
You die...

#.<........##...#####
##..........###..#
............# #..#
##..........# #..#
#..........# #.)#
#..........# #..#
#######.##.# ##.#
#.##.# #Y# #.##.# #@#
#.##.# #.# #.##.# #.#
#.##.## #.#
########.##<.# #.#
......##.###.# #.#
.........# #Y# #.#
.......### #Y# #.#
#####.## #Y# #.#


You could see a yak.

Vanquished Creatures
  Pikel (D:6)
  4 yaks
  A water moccasin (D:5)
  An acid dragon (D:7)
  An ice beast (D:7)
  An orc warrior (D:6)
  A black bear (D:6)
  A centaur (D:7)
  A phantom (D:6)
  3 bullfrogs
  3 necrophages
  A scorpion (D:5)
  An electric eel (D:6)
  A hound (D:6)
  6 jellies
  A gnoll bouda (D:7)
  An orc priest (D:6)
  2 iguanas
  10 gnolls
  7 adders
  3 ufetubi
  3 dart slugs
  7 orcs
  8 ball pythons
  11 endoplasms
  4 giant cockroaches
  8 hobgoblins
  7 jackals
  14 kobolds
  5 quokkas
  4 bats
  2 frilled lizards
  8 goblins
  9 rats
141 creatures vanquished.

Vanquished Creatures (others)
  3 plants (D:6)
3 creatures vanquished.

Grand Total: 144 creatures vanquished

Notes
Turn   | Place    | Note
-------+----------+-------------------------------------------
     0 | D:1      | LustLizard the Hill Orc Gladiator began the quest for the
                  | Orb.
     0 | D:1      | Reached XP level 1. HP: 18/18 MP: 1/1
   365 | D:1      | Reached XP level 2. HP: 5/25 MP: 2/2
  1260 | D:1      | Reached XP level 3. HP: 30/30 MP: 3/3
  1846 | D:2      | Reached skill level 4 in Long Blades
  1927 | D:2      | Reached XP level 4. HP: 24/38 MP: 4/4
  2055 | D:2      | Identified the +2 ring mail of the Fletcher {rElec}
  2534 | D:2      | Found a faded altar of an unknown god.
  3037 | D:3      | Reached XP level 5. HP: 45/45 MP: 5/5
  4050 | D:4      | Reached skill level 5 in Long Blades
  4152 | D:3      | Reached XP level 6. HP: 32/52 MP: 6/6
  4645 | D:4      | Found a staircase to the Ecumenical Temple.
  4657 | Temple   | Entered the Ecumenical Temple
  5276 | D:5      | Entered Level 5 of the Dungeon
  5553 | D:5      | Reached XP level 7. HP: 57/60 MP: 7/7
  5586 | D:5      | Reached skill level 6 in Long Blades
  5586 | D:5      | Reached skill level 1 in Evocations
  5859 | D:5      | You fall into a shaft and drop 1 floor!
  5885 | D:6      | Found a radiant altar of Vehumet.
  6072 | D:6      | Noticed Pikel
  6103 | D:6      | Killed Pikel
  6104 | D:6      | Reached skill level 5 in Fighting
  6104 | D:6      | Reached skill level 7 in Long Blades
  6104 | D:6      | Reached skill level 5 in Throwing
  6104 | D:6      | Reached XP level 8. HP: 56/69 MP: 8/8
  6771 | D:6      | Found Caxzuxt's Assorted Antiques.
  6776 | D:6      | Bought a scroll labelled AGYG ETEUGID for 31 gold pieces
  6776 | D:6      | Bought a scroll labelled PEJ BINILAXUEN for 31 gold pieces
  6776 | D:6      | Bought a scroll labelled PEJ BINILAXUEN for 31 gold pieces
  6776 | D:6      | Bought a metallic amethyst potion for 27 gold pieces
  6776 | D:6      | Bought a scroll labelled OPYULI CUPRI for 31 gold pieces
  6776 | D:6      | Bought a bubbling white potion for 27 gold pieces
  6776 | D:6      | Bought a scroll labelled QANTYZ QATUGAOSH for 31 gold
                  | pieces
  6844 | D:6      | Reached skill level 8 in Long Blades
  7267 | D:6      | Reached XP level 9. HP: 76/78 MP: 9/9
  8207 | D:7      | Reached skill level 9 in Long Blades
  9029 | D:7      | Reached skill level 5 in Evocations
  9473 | D:7      | Reached skill level 10 in Long Blades
  9478 | D:7      | Slain by a yak

Illustrated notes

Levels and vault maps discovered:
D:1:      ncdulo_halloftheorcs, layout_basic
D:2:      layout_loops_cross, shapermc_ecumenical_altar_mp_vishouse,
          minmay_octomino_c4
D:3:      layout_loops_ring, grunt_decor_arrowhead, grunt_decor_clamped
D:4:      layout_loops_cross, minmay_temple_entry_purple_smoke,
          corexii_leaking_fountain, corexii_hall_statues_u
D:5:      layout_loops_ring
D:6:      layout_loops_corners, mainiacjoe_overflow_24_doors, serial_shops,
          shop_fountains, serial_bayou_pond_b, uniq_pikel
D:7:      layout_rooms, minmay_fountain_box
Temple:   compressed_dpeg_circular_temple

Skill      XL: |  1  2  3  4  5  6  7  8  9 |
---------------+----------------------------+-----
Throwing       | 2 3 4 5 |  5.0
Fighting       | 3 4 5 6 7 |  7.6
Long Blades    | 4 5 7 8 10 | 10.0
Evocations     | 3 4 5 |  5.5
Dodging        | |  2.4

Action                   |  1- 3 |  4- 6 |  7- 9 || total
-------------------------+-------+-------+-------++-------
Melee: Long sword        |   107 |   205 |   251 ||   563
       Punch             |     2 |       |       ||     2
Throw: Stone             |       |    15 |    30 ||    45
       Dart              |       |     2 |    11 ||    13
       Throwing net      |       |       |     2 ||     2
       Boomerang         |       |       |     4 ||     4
Evoke: Wand              |       |       |     6 ||     6
  Use: Scroll            |       |       |    12 ||    12
       Potion            |       |       |     2 ||     2
 Stab: Sleeping          |     1 |       |       ||     1
       Held in net/web   |       |       |     2 ||     2
Armor: Leather armour    |    20 |       |       ||    20
       Ring mail         |    18 |    80 |    94 ||   192
Dodge: Dodged            |    59 |   100 |   131 ||   290
Block: Buckler           |       |    21 |    45 ||    66
